AoeStats
← EL REGRESO DE JD

MegaRandom

507851231Analyzed
4v4 RM · 11d ago on Sep 19, 2026· 35m 15s· 8 players
Game mode
Random Map
Map size
Large (8 player)
Population
200
Speed
Normal
Resources
Standard
Victory
Conquest
Starting age
Dark Age
Ending age
Imperial Age
RankedLock teamsTeams togetherTeam positionsShared explorationLock speedFull tech treeHidden civsTurbo modeCheats
Victory
Defeat
🇬🇧 Mongols · United Kingdom
938
+13
🇦🇷 Khmer · Argentina
921
+14
🇵🇪 Aztecs · Peru
912
+14
🇨🇱 Slavs · Chile
874
+15
🇭🇺 Spanish · Hungary
908
-16
🇦🇷 Cumans · Argentina
892
-15
🇫🇷 Saracens · France
874
-14
🇦🇷 Franks · Argentina
801
-11
SoltiL
11:43 Feudal Age
14:24 Wheelbarrow
16:53 Castle Age
18:48 Loom
Gulliver
6:47 Loom
10:38 Feudal Age
11:28 Double-Bit Axe
17:58 Horse Collar
21:29 Bloodlines
25:57 Castle Age
26:09 Wheelbarrow
26:09 Pikeman
26:50 Squires
31:25 Gold Mining
33:40 Scale Barding Armor
33:45 Forging
33:35 Scale Mail Armor
francis le tueur
13:24 Feudal Age
17:07 Castle Age
18:12 Wheelbarrow
18:28 Double-Bit Axe
18:54 Horse Collar
19:51 Gold Mining
20:14 Stone Mining
23:10 Caravan
23:36 Caravan
27:56 Gold Shaft Mining
27:26 Heavy Plow
27:40 Bow Saw
27:48 Hand Cart
27:20 Town Watch
27:23 Loom
33:53 Imperial Age
34:18 Forging
34:15 Scale Barding Armor
35:00 Conscription
36:01 Two-Man Saw
Gonna
9:51 Loom
12:06 Feudal Age
12:46 Double-Bit Axe
15:22 Scale Barding Armor
17:21 Wheelbarrow
19:19 Forging
22:56 Castle Age
21:19 Gold Mining
22:18 Stone Mining
24:30 Iron Casting
25:34 Husbandry
27:41 Hand Cart
29:12 Gold Shaft Mining
30:09 Light Cavalry
31:57 Ballistics
<Jericho 941>
1:56 Loom
13:47 Feudal Age
15:38 Double-Bit Axe
18:02 Castle Age
17:31 Horse Collar
18:10 Bloodlines
18:34 Gold Mining
21:29 Gold Shaft Mining
21:34 Wheelbarrow
20:50 Town Watch
21:19 Husbandry
21:35 Husbandry
24:20 Forging
24:16 Scale Barding Armor
24:21 Heavy Plow
27:05 Hand Cart
28:00 Sanctity
27:39 Stone Mining
32:34 Town Patrol
35:10 Imperial Age
32:55 Murder Holes
33:21 Ballistics
32:57 Fletching
34:34 Bow Saw
34:26 Caravan
35:06 Iron Casting
35:23 Squires
34:44 Pikeman
EL REGRESO DE JD
3:27 Loom
11:47 Feudal Age
13:37 Forging
16:10 Arson
20:02 Scale Mail Armor
23:29 Castle Age
23:10 Horse Collar
23:33 Eagle Warrior
24:15 Squires
32:21 Heavy Plow
33:19 Gold Mining
35:53 Gold Shaft Mining
35:08 Stone Mining
35:55 Iron Casting
Cambell
3:04 Loom
3:37 Loom
3:51 Loom
11:32 Feudal Age
17:23 Castle Age
15:43 Double-Bit Axe
18:39 Wheelbarrow
20:01 Stone Mining
20:14 Gold Mining
21:44 Fervor
26:14 Hand Cart
27:42 Horse Collar
29:30 Husbandry
30:34 Bloodlines
35:46 Imperial Age
33:51 Scale Barding Armor
34:08 Ballistics
34:24 Heavy Plow
35:08 Gold Shaft Mining
35:45 Chain Barding Armor
Horahlooks
5:35 Loom
11:15 Feudal Age
12:18 Horse Collar
13:46 Scale Barding Armor
18:43 Forging
20:43 Wheelbarrow
21:03 Double-Bit Axe
26:46 Castle Age
25:21 Bloodlines
25:33 Gold Mining
27:50 Bow Saw
27:56 Husbandry
Connection lost

Rejoining the realm…

Still unreachable

The connection could not be restored.

Session expired

The server has moved on; the page needs a fresh start.